 Dungeon Crawl Stone Soup version 0.29-a0-824-gd827844252 (webtiles) character file.

Game seed: 8507508140617669028

72262 gobodom the Thaumaturge (level 15, -7/111 HPs)
             Began as a Demonspawn Fire Elementalist on July 9, 2022.
             Was a High Priest of Vehumet.
             Mangled by a vault guard
             ... wielding a +1 great sword of holy wrath
              (33 damage)
             ... on level 13 of the Dungeon.
             The game lasted 02:40:18 (22743 turns).

gobodom the Thaumaturge (DsFE)                     Turns: 22743, Time: 02:40:20

Health: -7/111     AC: 13    Str: 15    XL:     15   Next: 0%
Magic:  29/31      EV: 14    Int: 25    God:    Vehumet [*****.]
Gold:   1311       SH:  0    Dex: 12    Spells: 7/39 levels left

rFire   + . .      SeeInvis +   r - staff of fire
rCold   . . .      Faith    .   (no shield)
rNeg    + . .      Spirit   .   h - +2 robe {Archmagi}
rPois   +          Reflect  .   c - +2 helmet "Odeiwk" {*Corrode rPois Regen+ SInv}
rElec   .          Harm     .   d - +2 cloak {Stlth+}
rCorr   .          Rampage  +   J - +2 pair of gloves "Baazid" {Slay+2}
Will    ++...      Archmagi +   e - +2 pair of boots {rampage}
Stlth   +++++..... Clarity  +   V - amulet of magic regeneration
HPRegen 2.08/turn               R - ring of willpower
MPRegen 0.62/turn               Y - ring of positive energy

@: corroded
A: powered by death 2, robust 1, big brain 2, demonic magic 2, weakness stinger
1, clarity, strong 1
a: Renounce Religion


You were on level 13 of the Dungeon.
You worshipped Vehumet.
Vehumet was extremely pleased with you.
You visited 3 branches of the dungeon, and saw 20 of its levels.
You also visited: Volcano.

You collected 2518 gold pieces.
You spent 1207 gold pieces at shops.

Inventory:

Hand Weapons
 m - a +5 quarterstaff of chaos
Missiles
 i - 54 poisoned darts
 y - 14 atropa-tipped darts
Armour
 c - the +2 helmet "Odeiwk" (worn) {*Corrode rPois Regen+ SInv}
   (You bought it in a shop on level 1 of the Dungeon)

   rPois:     It protects you from poison.
   SInv:      It lets you see invisible.
   Regen:     It increases your rate of health regeneration.
   *Corrode:  It may corrode you when you take damage.
 d - a +2 cloak of stealth (worn)
 e - a +2 pair of boots of rampaging (worn)
 h - a +2 robe of the Archmagi (worn)
 C - a +3 leather armour of fire resistance
 I - a scarf of invisibility
 J - the +2 pair of gloves "Baazid" (worn) {Slay+2}
   (You acquired it on level 10 of the Dungeon)

   Slay:      It affects your accuracy & damage with ranged weapons and melee
   (+2).
 K - the +4 chain mail of Poxzicul {rPois rF+ rN+}
   (You found it on level 7 of the Dungeon)

   rF:        It protects you from fire.
   rPois:     It protects you from poison.
   rN:        It protects you from negative energy.
 O - a +2 robe of cold resistance
 S - +0 acid dragon scales
 Z - a +2 robe of willpower
Magical Staves
 o - a staff of poison
 r - a staff of fire (weapon)
Jewellery
 g - a ring of flight
 n - a ring of ice
 x - a ring of magical power
 A - a ring of poison resistance
 H - a +6 ring of dexterity
 R - a ring of willpower (left hand)
 V - an amulet of magic regeneration (around neck)
 Y - a ring of positive energy (right hand)
Wands
 f - a wand of light (9)
 F - a wand of mindburst (5)
 G - a wand of charming (7)
 L - a wand of polymorph (6)
 N - a wand of roots (5)
 Q - a wand of digging (6)
 X - a wand of flame (13)
Scrolls
 a - 3 scrolls of identify
 j - 3 scrolls of vulnerability
 s - a scroll of fog
 t - 10 scrolls of teleportation
 E - 2 scrolls of silence
 M - 4 scrolls of enchant armour
 P - 3 scrolls of blinking
 U - 3 scrolls of fear
 W - 3 scrolls of poison
Potions
 b - 3 potions of resistance
 k - 2 potions of cancellation
 l - 2 potions of haste
 p - 8 potions of curing
 q - 4 potions of magic
 u - 3 potions of ambrosia
 v - 5 potions of brilliance
 w - 6 potions of might
 z - 2 potions of invisibility
 B - 5 potions of attraction
 D - a potion of flight
Miscellaneous
 T - a box of beasts


   Skills:
 + Level 4.3 Fighting
 + Level 1.1(4.7) Maces & Flails
 + Level 7.4 Staves
 + Level 0.8 Throwing
 + Level 4.3 Armour
 + Level 6.1 Dodging
 + Level 9.4 Stealth
 + Level 12.7 Spellcasting
 + Level 7.0 Conjurations
 + Level 1.3 Hexes
 + Level 1.4 Transmutations
 + Level 12.0 Fire Magic
 + Level 0.2 Ice Magic
 + Level 3.0 Air Magic
 + Level 2.1 Earth Magic
 + Level 4.3 Poison Magic
 + Level 8.2 Evocations


You had 7 spell levels left.
You knew the following spells:

 Your Spells              Type           Power      Damage    Failure   Level
a - Foxfire               Conj/Fire      100%       2x1d9     1%          1
b - Scorch                Fire           100%       2d10      1%          2
c - Sandblast             Erth           78%        2d17      1%          1
d - Poisonous Vapours     Pois/Air       100%       N/A       1%          2
e - Flame Wave            Conj/Fire      97%        2d16      1%          4
f - Inner Flame           Hex/Fire       84%        N/A       1%          3
g - Ignite Poison         Fire/Tmut/Pois 80%        N/A       1%          3
h - Dazzling Flash        Conj/Hex       100%       N/A       1%          3
i - Fulminant Prism       Conj/Hex       26%        3d14      1%          4
j - Iskenderun's Battles  Conj           67%        2d12      1%          5
k - Hailstorm             Conj/Ice       50%        3d11      2%          4

Your spell library contained the following spells:

 Spells                   Type           Power      Damage    Failure   Level
 Magic Dart               Conj           100%       1d8       1%          1
 Searing Ray              Conj           100%       2d8       1%          2
 Conjure Flame            Conj/Fire      97%        6-21      1%          3
 Ensorcelled Hibernation  Hex/Ice        58%        N/A       4%          2
 Tukima's Dance           Hex            34%        N/A       6%          3
 Portal Projectile        Hex/Tloc       56%        N/A       9%          3
 Summon Guardian Golem    Hex/Summ       28%        N/A       9%          3
 Petrify                  Tmut/Erth      37%        N/A       17%         4
 Iron Shot                Conj/Erth      27%        9d6       22%         6
 Blade Hands              Tmut           17%        N/A       50%         5
 Metabolic Englaciation   Hex/Ice        14%        N/A       58%         5
 Summon Mana Viper        Hex/Summ       28%        N/A       61%         5
 Summon Forest            Summ/Tloc      11%        N/A       71%         5
 Spellforged Servitor     Conj/Summ      25%        N/A       85%         7
 Statue Form              Tmut/Erth      24%        N/A       95%         6
 Dispersal                Tloc           11%        N/A       99%         6
 Summon Cactus Giant      Summ           11%        N/A       99%         6
 Enfeeble                 Hex            17%        N/A       100%        7
 Disjunction              Tloc           11%        N/A       100%        8


Dungeon Overview and Level Annotations

Branches:
Dungeon (13/15)            Temple (1/1) D:4            Lair (6/6) D:11
  Swamp (0/4) Lair:3       Spider (0/4) Lair:3        Slime (0/5) Lair:6
    Orc (0/2) D:9         Volcano (visited)
 Vaults: D:13-14

Altars:
Ashenzari
Cheibriados
Dithmenos
Fedhas
Gozag
Hepliaklqana
Kikubaaqudgha
Makhleb
Nemelex Xobeh
Okawaru
Qazlal
Ru
Sif Muna
Trog
Uskayaw
Vehumet
Wu Jian
Xom
Yredelemnul

Shops:
D:1 [[?:   D:3 (   D:11 *

Annotations:
D:7 exclusion: oklob plant


Innate Abilities, Weirdness & Mutations

You regenerate health from kills.
You are robust. (+10% HP)
You have an extremely huge brain. (Int +4)
Spells you cast may paralyse nearby enemies.
You have a small tail.
You possess an exceptional clarity of mind.
Your muscles are strong. (Str +4, Int/Dex -1)


Message History

The flame wave engulfs the vault guard.
The vault guard is lightly wounded.
The flame wave engulfs the orc warrior!
The orc warrior is moderately wounded. (Press . to intensify the flame waves.) Malevolent energies surge around you.
You hear a shout!
The orc warrior unwields a +0 arbalest.
The orc warrior wields a +0 short sword.
The orc warrior barely misses you.
The vault guard hits you with a +1 great sword of holy wrath!!
You convulse!!
Your corrosive artefact corrodes you!
A wave of flame ripples out!
The flame wave engulfs the vault guard!
The vault guard is moderately wounded.
The flame wave engulfs the orc warrior!
The orc warrior is heavily wounded.
The vault guard barely misses you. The orc warrior misses you.
A wave of flame ripples out!
The flame wave engulfs the vault guard!!
The vault guard is heavily wounded.
The flame wave engulfs the orc warrior!
You kill the orc warrior!
Vehumet accepts your kill.
You feel your power returning.
You hear a shout!
The vault guard closely misses you.
A wave of flame ripples out!
The flame wave engulfs the vault guard!!
The vault guard is almost dead.
You finish channelling waves of flame.
You hear a shout!
The vault guard hits you with a +1 great sword of holy wrath!
You convulse!
You hit the vault guard.
You tail-slap the vault guard, but do no damage.
The vault guard is almost dead.
The vault guard hits you with a +1 great sword of holy wrath!!
* * * LOW HITPOINT WARNING * * *
You convulse!!
You die...

#
##.............####'#######
###.≈≈≈≈.....≈≈≈≈.###..##
##.≈≈≈≈≈≈...≈≈≈≈≈≈.###..#
#.≈≈≈≈≈≈≈...≈≈≈≈≈≈≈.###'####
..≈≈≈≈≈≈≈...≈≈§§§§≈........#
(###p.###'''###..###.......#
.##...# #...# #...##.....).#
.##...# #...# #p).##.......#
.##...# #...# #.@.##########
.# +####.#.####'## ##
.......)......#
.......)......#
.........)...!#
######+########


You could see a vault guard.

Vanquished Creatures
  Gastronok (D:11)
  A dire elephant (Lair:6)
  Josephine (D:12)
  A rakshasa (D:13)
  A vault guard (D:13)
  The ghost of xian the Basher, a journeyman DsWn (D:10)
  2 catoblepae (Lair:6)
  11 hydras
  3 boulder beetles
  2 centaur warriors (D:13)
  4 two-headed ogres
  6 death yaks (Lair:6)
  Nergalle (Lair:4)
  A lindwurm (Lair:2)
  A wizard (D:13)
  Pikel (D:9)
  2 deep elf archers
  An orc sorcerer (D:13)
  8 deep elf pyromancers (Volcano)
  A manticore (D:9)
  2 cyclopes
  2 ugly things
  12 elephants
  7 black mambas
  A torpor snail (Lair:2)
  9 cane toads
  2 unseen horrors
  Maggie (D:6)
  A rime drake (Lair:3)
  10 komodo dragons
  A tengu conjurer (D:12)
  5 trolls
  4 polar bears
  17 blink frogs
  A tarantella (Lair:3)
  4 dream sheep (Lair:6)
  3 shadows
  The ghost of kevlar127 the Ruffian, an amateur TrBe of Trog (D:4)
  8 wraiths
  Eustachio (D:5)
  2 vampires
  A yak (shapeshifter) (D:13)
  4 wyverns
  2 neqoxecs (D:10)
  57 yaks
  2 fire elementals (Volcano)
  2 vampire mosquitoes (D:12)
  3 basilisks
  Menkaure (D:5)
  Edmund (D:4)
  2 swamp worms (Lair:3)
  An acid dragon (D:11)
  17 water moccasins
  7 hell hounds (Volcano)
  2 ice beasts (D:6)
  15 orc warriors
  3 sky beasts
  3 black bears
  5 ogres
  19 wolves
  A phantom (D:5)
  4 kobold brigands
  A lemure (D:9)
  19 bullfrogs
  4 gnoll sergeants (D:9)
  6 scorpions
  A necrophage (D:5)
  4 wights (D:8)
  9 killer bees
  2 howler monkeys
  3 electric eels
  5 hounds
  10 jellies
  4 quasits (D:10)
  Crazy Yiuf (D:4)
  14 orc priests
  5 iguanas
  10 orc wizards
  10 hell rats
  Robin (D:4)
  A gnoll (D:9)
  6 adders
  An ufetubus (D:5)
  2 worms
  64 orcs
  7 ball pythons
  13 endoplasms
  15 goblins
  14 hobgoblins
  4 jackals (D:3)
  14 kobolds
  4 quokkas
  4 bats
  2 frilled lizards (D:3)
  6 rats
  3 bushes (Lair:3)
  2 fulminant prisms (D:4)
567 creatures vanquished.

Vanquished Creatures (collateral kills)
  A komodo dragon (Lair:4)
  A hell hound (Volcano)
  18 foxfires
20 creatures vanquished.

Vanquished Creatures (others)
  A butterfly (D:9)
  936 foxfires
  16 fulminant prisms
  30 fungi
  71 plants
1054 creatures vanquished.

Grand Total: 1641 creatures vanquished

Notes
Turn   | Place    | Note
-------+----------+-------------------------------------------
     0 | D:1      | gobodom the Demonspawn Fire Elementalist began the quest
                  | for the Orb.
     0 | D:1      | Reached XP level 1. HP: 13/13 MP: 3/3
   106 | D:1      | Found Ohador's Book Boutique.
   416 | D:1      | Gained mutation: You have a small tail. [demonic ancestry]
   416 | D:1      | Reached XP level 2. HP: 19/19 MP: 0/5
   552 | D:1      | Found Bothrai Emamo's Antique Armour Boutique.
   570 | D:1      | Found Durul's Antique Armour Emporium.
   933 | D:1      | Found Kineit's Magic Scroll Shop.
  1257 | D:2      | Found a hazy altar of Hepliaklqana.
  1299 | D:2      | Gained mutation: Spells you cast may paralyse adjacent
                  | enemies. [demonic ancestry]
  1299 | D:2      | Reached XP level 3. HP: 24/24 MP: 1/6
  2307 | D:2      | Identified a scroll of acquirement
  2307 | D:2      | Acquired 1012 gold pieces
  2370 | D:1      | Bought an ancient helmet for 247 gold pieces
  2370 | D:1      | Identified the +2 helmet "Odeiwk" {*Corrode rPois Regen+
                  | SInv} (You bought it in a shop on level 1 of the Dungeon)
  2370 | D:1      | Bought a runed cloak for 195 gold pieces
  2386 | D:1      | Learned a level 2 spell: Scorch
  2449 | D:1      | Bought a scroll of enchant armour for 90 gold pieces
  2491 | D:1      | Bought a pair of embroidered boots for 195 gold pieces
  2627 | D:3      | Identified the +3 chain mail "Vaat Xar" {rElec Int+6}
  2789 | D:3      | Reached XP level 4. HP: 26/31 MP: 0/8
  2871 | D:3      | Found Supoiv's Antique Weapon Emporium.
  3643 | D:4      | Noticed Robin
  3653 | D:4      | Killed Robin
  3786 | D:4      | Noticed a bullfrog
  3796 | D:4      | Killed a bullfrog
  3797 | D:4      | Reached skill level 1 in Fighting
  3797 | D:4      | Reached XP level 5. HP: 37/37 MP: 6/9
  3871 | D:4      | Found a staircase to the Ecumenical Temple.
  3881 | Temple   | Entered the Ecumenical Temple
  3984 | Temple   | Became a worshipper of Vehumet
  4013 | D:4      | Acquired a staff of fire
  4313 | D:4      | Noticed Edmund
  4325 | D:4      | Killed Edmund
  4326 | D:4      | Reached skill level 1 in Maces & Flails
  4326 | D:4      | Reached XP level 6. HP: 43/43 MP: 7/10
  4494 | D:4      | Found a runed translucent door.
  4495 | D:4      | Noticed Crazy Yiuf
  4810 | D:4      | Found a runed translucent gate.
  4811 | D:4      | Found a runed translucent gate.
  4811 | D:4      | Noticed kevlar127's ghost (amateur TrBe)
  4811 | D:4      | Identified the +2 ring mail "Cagryuq" {Int+2}
  4812 | D:4      | Found a runed translucent gate.
  4814 | D:4      | Identified the +6 plate armour of the Gazing Gods {rPois
                  | Str+4 Int+4}
  4814 | D:4      | Noticed an orc warrior
  4847 | D:4      | Found an ornate altar of the Wu Jian Council.
  5169 | D:4      | Killed Crazy Yiuf
  5296 | D:5      | Entered Level 5 of the Dungeon
  5318 | D:5      | Reached skill level 1 in Evocations
  5340 | D:5      | Reached skill level 1 in Staves
  5346 | D:5      | Gained mutation: You have an unusually large brain. (Int
                  | +2) [demonic ancestry]
  5346 | D:5      | Reached XP level 7. HP: 47/48 MP: 3/11
  5744 | D:5      | Noticed Menkaure
  5751 | D:5      | Killed Menkaure
  5754 | D:5      | Reached skill level 5 in Fire Magic
  5909 | D:5      | Noticed Eustachio
  5923 | D:5      | Killed Eustachio
  5924 | D:5      | Gained mutation: You regenerate a little health from kills.
                  | [demonic ancestry]
  5924 | D:5      | Reached XP level 8. HP: 54/54 MP: 11/13
  6041 | D:5      | Found a burning altar of Makhleb.
  6160 | D:6      | Reached * piety under Vehumet
  6160 | D:6      | Offered knowledge of Freeze by Vehumet.
  6175 | D:6      | Noticed a two-headed ogre
  6175 | D:6      | Noticed a troll
  6192 | D:6      | Killed a troll
  6196 | D:6      | Killed a two-headed ogre
  6197 | D:6      | Gained mutation: You regenerate health from kills. [demonic
                  | ancestry]
  6197 | D:6      | Reached XP level 9. HP: 34/59 MP: 5/15
  6419 | D:6      | Noticed Maggie
  6444 | D:6      | Killed Maggie
  6546 | D:6      | Reached skill level 5 in Spellcasting
  7021 | D:6      | Found a hazy altar of Hepliaklqana.
  7354 | D:7      | Reached skill level 5 in Evocations
  7461 | D:7      | Noticed a four-headed hydra
  7475 | D:7      | Killed a four-headed hydra
  7476 | D:7      | Gained mutation: Spells you cast may paralyse nearby
                  | enemies. [demonic ancestry]
  7476 | D:7      | Reached XP level 10. HP: 65/65 MP: 17/17
  7530 | D:7      | Reached ** piety under Vehumet
  7533 | D:7      | Offered knowledge of Sandblast by Vehumet.
  7539 | D:7      | Learned a level 1 spell: Sandblast
  7841 | D:7      | Identified the +4 chain mail of Poxzicul {rPois rF+ rN+}
  7889 | D:7      | Noticed an oklob plant
  8531 | D:8      | Found an opulent altar of Gozag.
  8547 | D:8      | Found a bloodstained altar of Trog.
  8701 | D:8      | Reached skill level 5 in Stealth
  8701 | D:8      | Offered knowledge of Poisonous Vapours by Vehumet.
  8711 | D:8      | Reached skill level 5 in Conjurations
  8850 | D:8      | Reached *** piety under Vehumet
  8854 | D:8      | Learned a level 2 spell: Poisonous Vapours
  8859 | D:8      | Learned a level 4 spell: Flame Wave
  8863 | D:8      | Learned a level 3 spell: Inner Flame
  9705 | D:9      | Noticed Pikel
  9724 | D:9      | Killed Pikel
  9729 | D:9      | Reached skill level 5 in Staves
  9873 | D:9      | Found a staircase to the Orcish Mines.
  9926 | D:9      | Offered knowledge of Ignite Poison by Vehumet.
  9938 | D:9      | Reached XP level 11. HP: 71/71 MP: 6/20
 10141 | D:9      | Learned a level 3 spell: Ignite Poison
 10246 | D:9      | Noticed a two-headed ogre
 10252 | D:9      | Killed a two-headed ogre
 10359 | D:9      | Reached **** piety under Vehumet
 10400 | D:9      | Offered knowledge of Dazzling Flash by Vehumet.
 10419 | D:9      | Learned a level 3 spell: Dazzling Flash
 10424 | D:9      | Learned a level 4 spell: Fulminant Prism
 10856 | D:9      | Reached skill level 1 in Poison Magic
 11126 | D:10     | Entered Level 10 of the Dungeon
 11225 | D:10     | Reached skill level 1 in Air Magic
 11231 | D:10     | Acquired the +2 pair of gloves "Baazid" {Slay+2}
 11258 | D:10     | Found a shimmering blue altar of Sif Muna.
 11259 | D:10     | Found a snail-covered altar of Cheibriados.
 11430 | D:10     | Identified the +4 dagger "Roryah" {freeze, rC+ Int+5}
 11530 | D:10     | Found a transporter.
 11543 | D:10     | Noticed xian's ghost (journeyman DsWn)
 11556 | D:10     | Found a transporter.
 11621 | D:10     | Reached skill level 1 in Earth Magic
 12148 | D:11     | Noticed Gastronok
 12163 | D:11     | Killed Gastronok
 12588 | D:11     | Found Gaikauje's Gadget Gallery.
 12602 | D:11     | Bought a box of beasts for 480 gold pieces
 12772 | D:11     | Found a staircase to the Lair.
 12881 | Lair:1   | Entered Level 1 of the Lair of Beasts
 13008 | Lair:1   | Reached XP level 12. HP: 69/71 MP: 24/24
 13188 | Lair:1   | Found a dark tunnel.
 13197 | Volcano  | Entered a volcano
 13269 | Volcano  | Reached ***** piety under Vehumet
 13287 | Volcano  | Reached skill level 1 in Armour
 13309 | Volcano  | Offered knowledge of Iskenderun's Battlesphere by Vehumet.
 13310 | Volcano  | Reached skill level 5 in Dodging
 13676 | Lair:1   | Reached skill level 10 in Fire Magic
 13753 | Lair:1   | Learned a level 5 spell: Iskenderun's Battlesphere
 13819 | Lair:1   | You are sucked into a shaft and drop 1 floor!
 14126 | Lair:2   | Noticed a seven-headed hydra
 14141 | Lair:2   | Killed a seven-headed hydra
 14413 | Lair:2   | Reached XP level 13. HP: 86/86 MP: 24/26
 15917 | Lair:3   | Found a hole to the Spider Nest.
 16041 | Lair:3   | Reached skill level 10 in Spellcasting
 16552 | Lair:3   | Gained mutation: You do not regenerate when monsters are
                  | visible. [potion of mutation]
 16552 | Lair:3   | Gained mutation: You have large cloven feet. [potion of
                  | mutation]
 16552 | Lair:3   | Gained mutation: You are strong-willed. (Will+) [potion of
                  | mutation]
 16553 | Lair:3   | Lost mutation: You are strong-willed. (Will+) [potion of
                  | mutation]
 16553 | Lair:3   | Lost mutation: You do not regenerate when monsters are
                  | visible. [potion of mutation]
 16553 | Lair:3   | Gained mutation: You passively map a small area around you.
                  | [potion of mutation]
 16553 | Lair:3   | Gained mutation: You have hoof-like feet. [potion of
                  | mutation]
 16784 | Lair:3   | Found a staircase to the Swamp.
 16971 | Lair:4   | Noticed Nergalle
 16995 | Lair:4   | Killed Nergalle
 17498 | Lair:4   | Found a shadowy altar of Dithmenos.
 18292 | Lair:5   | Lost mutation: You passively map a small area around you.
                  | [potion of mutation]
 18292 | Lair:5   | Lost mutation: You have hoof-like feet. [potion of
                  | mutation]
 18292 | Lair:5   | Lost mutation: You have large cloven feet. [potion of
                  | mutation]
 18292 | Lair:5   | Gained mutation: You have a beak for a mouth. [potion of
                  | mutation]
 18292 | Lair:5   | Gained mutation: Your spells are a little harder to cast,
                  | but a little more powerful. [potion of mutation]
 18292 | Lair:5   | Gained mutation: You have a pair of small antennae on your
                  | head. [potion of mutation]
 18414 | Lair:5   | Lost mutation: Your spells are a little harder to cast, but
                  | a little more powerful. [potion of mutation]
 18414 | Lair:5   | Lost mutation: You have a pair of small antennae on your
                  | head. [potion of mutation]
 18414 | Lair:5   | Lost mutation: You have a beak for a mouth. [potion of
                  | mutation]
 18414 | Lair:5   | Gained mutation: Your muscles are strong. (Str +4, Int/Dex
                  | -1) [potion of mutation]
 18414 | Lair:5   | Gained mutation: You possess an exceptional clarity of
                  | mind. [potion of mutation]
 18978 | Lair:6   | Entered Level 6 of the Lair of Beasts
 19093 | Lair:6   | Gained mutation: You are robust. (+10% HP) [demonic
                  | ancestry]
 19093 | Lair:6   | Reached XP level 14. HP: 67/104 MP: 5/29
 19374 | Lair:6   | Reached skill level 1 in Hexes
 19580 | Lair:6   | Found a staircase to the Slime Pits.
 20250 | Lair:6   | Got the Omnibus of Jinxing
 20954 | D:4      | Killed kevlar127's ghost
 20956 | D:4      | Offered knowledge of Hailstorm by Vehumet.
 21186 | D:10     | Reached skill level 1 in Transmutations
 21212 | D:10     | Killed xian's ghost
 21559 | D:12     | You fall into a shaft and drop 1 floor!
 21618 | D:13     | Identified the +1 scale mail of the Beekeeper {Dex+4}
 22054 | D:13     | Learned a level 4 spell: Hailstorm
 22471 | D:12     | Noticed Josephine
 22483 | D:12     | Killed Josephine
 22725 | D:13     | Gained mutation: You have an extremely huge brain. (Int +4)
                  | [demonic ancestry]
 22725 | D:13     | Reached XP level 15. HP: 102/111 MP: 31/31
 22743 | D:13     | Mangled by a vault guard

Illustrated notes

Levels and vault maps discovered:
D:1:      evilmike_arrival_crescent, layout_loops_cross, serial_shops,
          nicolae_square_shop, nicolae_shop_advertising_works
          [nicolae_subvault_shop_adworks], shop, nicolae_shop_waterfront,
          palyth_stone_intersect, minmay_small_reverse_x
D:2:      layout_basic, basic_altar, minmay_misc_feat_more_columns,
          solitary_fountain, due_unseen_surprise
D:3:      layout_basic, serial_glass, glass_columns_a, glass_columns_c,
          serial_shops, shop, minmay_circle_x
D:4:      layout_basic, nicolae_wu_jian_immortal_techniques, temple_statues,
          biasface_ghost_orc_armoury, uniq_crazy_yiuf_cottage, uniq_edmund,
          uniq_robin
D:5:      layout_rooms, grunt_temple_overflow_open, minmay_splitting_lines,
          uniq_menkaure, uniq_eustachio
D:6:      layout_cave_pools, nicolae_hepliaklqana_hippocampus, uniq_maggie
D:7:      lemuel_slime, layout_basic
D:8:      layout_cave_pods, trog_hazing_becter, grunt_gozag_statues,
          serial_glass, glass_columns_b, glass_columns_a, st_stairs_14
D:9:      layout_loops_ring, nicolae_elyvilon_peaceful_grove,
          kennysheep_orc_monster_closet_entryway, uniq_pikel
D:10:     layout_loops_cross, nicolae_overflow_two_pavilions,
          gammafunk_ghost_stat_death
D:11:     layout_loops_ring, grunt_lair_entry_orc_guard_hut,
          nicolae_shop_gadgets, uniq_gastronok
D:12:     layout_rooms, portal_ice_cave_entry_pillars_1, nicolae_wwwww,
          uniq_josephine
D:13:     layout_roguey [special_room_orc], grunt_vaults_entry_fortified,
          minmay_misc_feat_diagonals
Temple:   cyrus_circular_temple
Lair:1:   layout_regular_city, nicolae_volcano_entry_two_sided
Lair:2:   layout_hall_layers, minmay_shattered_shrine, lemuel_fruit_tree,
          grunt_megastairs_5, serial_bayou_shore_a
Lair:3:   layout_loops_ring, palyth_hydra_swamp_entry, spider_nest_entry_rubble
Lair:4:   layout_misc_corridors, basic_altar, serial_bayou_lake_a,
          serial_bayou_shore_b, uniq_nergalle
Lair:5:   layout_loops_ring
Lair:6:   grunt_lair_end_beastmaster, layout_misc_corridors,
          nicolae_slime_entry_slimehenge, grunt_megastairs_3

Skill      XL: |  1  2  3  4  5  6  7  8  9 10 11 12 13 14 |
---------------+-------------------------------------------+-----
Fire Magic     | 3 4 5 6 7 8 9 10 11 12 | 12.0
Stealth        | 2 3 4 5 6 7 8 9 |  9.4
Dodging        | 2 3 4 5 6 |  6.1
Fighting       | 1 3 4 |  4.3
Spellcasting   | 3 4 5 6 8 9 11 12 | 12.7
Conjurations   | 2 3 4 5 6 7 |  7.0
Maces & Flails | 1 |  1.1
Evocations     | 1 2 3 5 6 8 |  8.2
Staves         | 1 2 3 4 5 6 7 |  7.4
Poison Magic   | 1 4 |  4.3
Air Magic      | 1 2 3 |  3.0
Earth Magic    | 1 2 |  2.1
Armour         | 4 |  4.3
Hexes          | 1 |  1.3
Transmutations | 1 |  1.4
Throwing       | |  0.8
Ice Magic      | |  0.2

Action                   |  1- 3 |  4- 6 |  7- 9 | 10-12 | 13-15 || total
-------------------------+-------+-------+-------+-------+-------++-------
Melee: Unarmed           |     8 |       |       |       |       ||     8
       Flail             |    49 |    35 |       |       |       ||    84
       Tailslap          |    10 |     4 |     9 |    61 |    50 ||   134
       Punch             |     1 |     1 |     1 |     2 |     6 ||    11
       Staff             |       |    15 |    73 |   249 |   244 ||   581
       Quarterstaff      |       |       |       |    98 |       ||    98
Throw: Dart              |       |       |       |     4 |     3 ||     7
 Cast: Foxfire           |    82 |    90 |   190 |   159 |    95 ||   616
       Scorch            |       |     1 |    16 |   154 |   131 ||   302
       Sandblast         |       |       |       |    24 |    65 ||    89
       Flame Wave        |       |       |       |    16 |    39 ||    55
       Poisonous Vapours |       |       |       |    31 |    72 ||   103
       Ignite Poison     |       |       |       |    14 |    24 ||    38
       Fulminant Prism   |       |       |       |     5 |    13 ||    18
       Dazzling Flash    |       |       |       |     5 |    13 ||    18
       Iskenderun's Batt |       |       |       |     5 |    16 ||    21
       Inner Flame       |       |       |       |       |     4 ||     4
       Hailstorm         |       |       |       |       |     2 ||     2
Evoke: Wand              |       |       |       |     4 |     3 ||     7
       Box of beasts     |       |       |       |     1 |     1 ||     2
  Use: Scroll            |    11 |     5 |     1 |    11 |    10 ||    38
       Potion            |       |       |       |     3 |     5 ||     8
 Stab: Sleeping          |     2 |     1 |       |     2 |     3 ||     8
       Paralysed         |       |     6 |    23 |    84 |    55 ||   168
       Invisible         |       |       |       |     1 |     1 ||     2
       Distracted        |       |       |       |       |     1 ||     1
       Petrified         |       |       |       |       |     1 ||     1
Armor: Robe              |    29 |    38 |    22 |    84 |   116 ||   289
       Chain mail        |       |       |       |   160 |       ||   160
       Leather armour    |       |       |       |    28 |   127 ||   155
Dodge: Dodged            |    56 |    40 |    57 |   216 |   309 ||   678

Table legend: (Time is in decaauts)
 A = Elapsed time spent in this place.
 B = Non-inter-level travel time spent in this place.
 C = Inter-level travel time spent in this place.
 D = Time resting spent in this place.
 E = Time spent auto-exploring this place.
 F = Levels seen in this place.
 G = Mean time per level.
                   A        B        C        D        E       F      G
               +--------+--------+--------+--------+--------+-----+--------+
         Total |  22865 |  21341 |   1524 |    774 |  15707 |  21 | 1088.8 |
       Dungeon |  14944 |  13849 |   1095 |     87 |  10726 |  13 | 1149.5 |
        Temple |    118 |     44 |     74 |      0 |     34 |   1 |  118.0 |
          Lair |   7456 |   7101 |    355 |    613 |   4947 |   6 | 1242.7 |
       Volcano |    345 |    345 |      0 |     74 |      0 |   1 |  345.0 |
               +--------+--------+--------+--------+--------+-----+--------+

Top non-repeatable levels by time:
     D:4: 1806 daAuts
  Lair:2: 1591 daAuts
  Lair:6: 1542 daAuts
     D:9: 1488 daAuts
     D:1: 1423 daAuts
     D:7: 1386 daAuts
     D:8: 1249 daAuts
  Lair:4: 1235 daAuts
  Lair:3: 1175 daAuts
     D:2: 1164 daAuts
     D:3: 1069 daAuts
    D:10: 1037 daAuts
    D:11: 1012 daAuts
  Lair:1: 1012 daAuts
     D:6: 1002 daAuts
